 Dungeon Crawl Stone Soup version 0.23-a0-301-g9da9e51 (webtiles) character file.

11760 Minkie the Severer (level 11, -4/107 HPs)
             Began as a Minotaur Berserker on Oct 7, 2018.
             Was a High Priest of Trog.
             Engulfed by a cloud of flame (5 damage)
             ... in a volcano.
             The game lasted 00:50:16 (11669 turns).

Minkie the Severer (Minotaur Berserker)            Turns: 11669, Time: 00:50:17

Health: -4/107     AC: 11    Str: 21    XL:     11   Next: 53%
Magic:  10/10      EV: 26    Int:  4    God:    Trog [*****.]
Gold:   684        SH:  0    Dex: 14    Spells: 10/10 levels left

rFire    + . .     SeeInvis .   Q - +1 war axe (chop)
rCold    . . .     Gourm    .   (no shield)
rNeg     . . .     Faith    .   O - +3 scale mail
rPois    .         Spirit   .   (helmet restricted)
rElec    .         Reflect  .   C - +0 cloak
rCorr    .         Harm     .   i - +0 pair of gloves
MR       +....                  (no boots)
Stlth    +.........             M - amulet of the acrobat
HPRegen  0.27/turn              o - ring of protection from fire
MPRegen  0.12/turn              z - ring of protection from magic

@: acrobat
A: retaliatory headbutt, horns 2
a: Berserk, Trog's Hand, Brothers in Arms, Renounce Religion


You were in a volcano.
You worshipped Trog.
Trog was extremely pleased with you.
You were not hungry.

You visited 2 branches of the dungeon, and saw 11 of its levels.
You also visited: Ossuary and Volcano.

You collected 684 gold pieces.

Inventory:

Hand Weapons
 y - a +2 hand axe of freezing
 Q - a +1 war axe of chopping (weapon)
Missiles
 p - 3 throwing nets (quivered)
Armour
 i - a +0 pair of gloves (worn)
 m - a +1 ring mail of poison resistance
 C - a +0 cloak (worn)
 G - the +3 robe of Clouds {+Fly rElec}
   (You found it on level 8 of the Dungeon)

   It insulates you from electricity.
   It lets you fly.
 O - a +3 scale mail (worn)
Jewellery
 o - a ring of protection from fire (left hand)
 z - a ring of protection from magic (right hand)
 L - an uncursed amulet of guardian spirit
 M - an amulet of the acrobat (around neck)
 T - a cursed amulet of inaccuracy {unknown}
Wands
 e - a wand of random effects (45)
 n - a wand of digging (13)
 r - a wand of paralysis (40)
 D - a wand of disintegration (19)
 E - a wand of scattershot (3)
 F - a wand of iceblast (8)
 H - a wand of polymorph (6)
 I - a wand of flame (45)
Scrolls
 d - 2 scrolls of fog {unknown}
 g - 5 scrolls of teleportation
 h - 3 scrolls of remove curse
 k - 2 scrolls of random uselessness {unknown}
 l - 2 scrolls of enchant armour {unknown}
 s - a scroll of magic mapping {unknown}
 t - 5 scrolls of identify
 v - a scroll of immolation {unknown}
 x - 2 scrolls of noise {unknown}
 A - a scroll of enchant weapon {unknown}
 N - a scroll of silence {unknown}
 R - a scroll of blinking {unknown}
Potions
 a - 2 potions of cancellation
 b - 3 potions of brilliance
 f - 12 potions of curing
 j - 3 potions of flight
 q - 4 potions of lignification
 u - 3 potions of heal wounds
 w - 3 potions of invisibility
 B - a potion of mutation {unknown}
 J - a potion of agility
 K - 2 potions of ambrosia {unknown}
 P - a potion of berserk rage
 U - a potion of magic
Comestibles
 c - 14 rations


   Skills:
 + Level 13.4 Fighting
 + Level 16.4 Axes
 - Level 2.4 Armour
 - Level 2.1 Dodging
 - Level 2.0 Stealth


You had 10 spell levels left.
You didn't know any spells.
Your spell library was empty.

Dungeon Overview and Level Annotations

Branches:
Dungeon (9/15)             Temple (0/1) D:6            Lair (2/6) D:8
  Snake (0/4) Lair:2
  Swamp: Lair:2-4    Shoals: Lair:2-4       Orc: D:9-12

Altars:
Ashenzari
Dithmenos
Makhleb
Uskayaw


Innate Abilities, Weirdness & Mutations

You reflexively headbutt those who attack you in melee.
You have a pair of horns on your head.


Message History

The sun demon is lightly wounded.
The red devil hits you from afar with a trident of flaming!
The red devil burns you. The sun demon hits you!!
* * * LOW HITPOINT WARNING * * *
You are engulfed in flames.
You resist.
* * * LOW HITPOINT WARNING * * *
As you read the scroll of teleportation, it crumbles to dust.
You feel strangely unstable. The sun demon hits you.
* * * LOW HITPOINT WARNING * * *
You are engulfed in flames.
You resist.
* * * LOW HITPOINT WARNING * * *
Your surroundings suddenly seem different.
You start resting.
The air gets thick with the scent of sulphur.
The volcano roars to life, belching forth lava!
You are engulfed in blazing flames.
You resist.
* * * LOW HITPOINT WARNING * * *
Unknown command.
You are engulfed in blazing flames.
You resist.
You die...

.§.≈≈≈§§§§≈≈§≈§...........#
≈≈§§≈≈§§§§§§§§.§§§§§§.....#
≈§§≈≈≈≈≈§§§≈§§§§§§§.....###
≈§§≈≈§≈≈≈§§§§§§§§§§§......#
≈≈≈§≈≈≈≈§§≈.§§§.§§§......##
≈§≈≈§≈≈≈§§§..§§§§§§§...###
≈§≈≈§≈§≈≈§.§§§§§§§§......#
.≈§§.....§§§§§§§§§§..#####
..§.......§§§§§.@§#.##
.........§§§§§§§#####
..........###..##
####.#..### #### #....#
######


There were no monsters in sight!

Vanquished Creatures
  Fannar (Lair:1)
  Harold (D:7)
  Urug (Lair:1)
  Pikel (D:8)
  Maurice (D:8)
  2 spiny frogs
  Prince Ribbit (D:8)
  A hippogriff (Lair:1)
  A hornet (D:9)
  3 blink frogs (Lair:2)
  A hungry ghost (D:9)
  16 yaks
  2 fire bats (Volcano)
  2 nagas (Lair:2)
  2 water moccasins
  Duvessa (D:7)
  A hell hound (Volcano)
  An orc warrior (D:9)
  4 black bears (D:8)
  A porcupine (D:8)
  A sky beast (D:9)
  2 ogres
  A centaur (D:9)
  4 crocodiles (Lair:1)
  2 big kobolds (D:7)
  Blork the orc (D:4)
  5 bullfrogs
  5 water moccasin zombies (Ossuary)
  Dowan (D:7)
  9 killer bees
  2 howler monkeys
  4 electric eels (Lair:1)
  7 lava snakes (Volcano)
  7 crimson imps
  A jelly (D:7)
  A centaur skeleton (D:4)
  4 hounds
  2 orc wizards (D:6)
  Crazy Yiuf (D:7)
  4 orc priests
  2 iguanas
  A worker ant (D:8)
  3 big kobold zombies (Ossuary)
  A killer bee zombie (D:7)
  A hound skeleton (D:9)
  2 mummies (Ossuary)
  4 gnolls (D:4)
  11 adders
  A shadow imp (D:5)
  2 oozes
  7 adder zombies (Ossuary)
  An adder skeleton (D:5)
  3 worms
  4 dart slugs
  4 leopard geckos
  23 orcs
  6 giant cockroaches
  3 gnoll zombies (Ossuary)
  7 goblins
  5 hobgoblins
  8 jackals
  5 quokkas
  5 bats
  5 frilled lizards
  2 hobgoblin zombies (Ossuary)
  15 kobolds
  5 kobold zombies (Ossuary)
  6 orc zombies (Ossuary)
  A quokka skeleton (D:4)
  5 rats
  A fungus (D:8)
257 creatures vanquished.

Vanquished Creatures (others)
  A bullfrog (D:8)
  17 fungi
  2 plants (D:8)
20 creatures vanquished.

Grand Total: 277 creatures vanquished

Notes
Turn   | Place    | Note
-------+----------+-------------------------------------------
     0 | D:1      | Minkie the Minotaur Berserker began the quest for the Orb.
     0 | D:1      | Reached XP level 1. HP: 19/19 MP: 0/0
   312 | D:1      | Reached skill level 4 in Axes
   312 | D:1      | Reached XP level 2. HP: 19/27 MP: 1/1
  1045 | D:2      | Reached ** piety under Trog
  1045 | D:2      | Reached XP level 3. HP: 27/34 MP: 2/2
  1826 | D:3      | Reached XP level 4. HP: 41/41 MP: 3/3
  1841 | D:3      | Reached skill level 5 in Axes
  1950 | D:3      | Reached skill level 5 in Fighting
  2094 | D:4      | Noticed Blork the orc
  2113 | D:4      | Killed Blork the orc
  2113 | D:4      | Reached skill level 6 in Axes
  2113 | D:4      | Reached XP level 5. HP: 39/48 MP: 4/4
  2312 | D:4      | Found a shadowy altar of Dithmenos.
  2440 | D:4      | Reached *** piety under Trog
  2456 | D:4      | Reached XP level 6. HP: 47/56 MP: 5/5
  3420 | D:5      | Entered Level 5 of the Dungeon
  3422 | D:5      | Found a hide-covered altar of Uskayaw.
  3436 | D:5      | Noticed a water moccasin
  3447 | D:5      | Killed a water moccasin
  3447 | D:5      | Reached skill level 7 in Axes
  3447 | D:5      | Reached skill level 1 in Stealth
  3702 | D:5      | Found a shattered altar of Ashenzari.
  3850 | D:5      | Found a sand-covered staircase.
  3855 | Ossuary  | Entered an ossuary
  3871 | Ossuary  | Reached XP level 7. HP: 53/63 MP: 6/6
  3919 | Ossuary  | Reached skill level 8 in Axes
  4180 | Ossuary  | Reached skill level 9 in Axes
  4207 | Ossuary  | Reached **** piety under Trog
  4356 | D:5      | Reached XP level 8. HP: 41/73 MP: 7/7
  4608 | D:5      | Found a burning altar of Makhleb.
  5261 | D:6      | Reached skill level 10 in Axes
  5267 | D:6      | Found a staircase to the Ecumenical Temple.
  5719 | D:7      | Noticed Dowan
  5737 | D:7      | Killed Dowan
  5743 | D:7      | Noticed Duvessa
  5744 | D:7      | Reached ***** piety under Trog
  5753 | D:7      | Killed Duvessa
  5753 | D:7      | Reached skill level 11 in Axes
  5991 | D:7      | Found a runed door.
  6177 | D:7      | Noticed Crazy Yiuf
  6181 | D:7      | Paralysed by Crazy Yiuf for 4 turns
  6188 | D:7      | Killed Crazy Yiuf
  6459 | D:7      | Reached XP level 9. HP: 82/82 MP: 8/8
  6649 | D:7      | Noticed Harold
  6658 | D:7      | Killed Harold
  6658 | D:7      | Reached skill level 12 in Axes
  6866 | D:8      | Found the +3 robe of Clouds {+Fly rElec}
  7022 | D:8      | Found a staircase to the Lair.
  7234 | D:8      | Reached skill level 13 in Axes
  7259 | D:8      | Reached skill level 10 in Fighting
  7526 | D:8      | Noticed Pikel
  7537 | D:8      | Killed Pikel
  7537 | D:8      | Reached XP level 10. HP: 75/94 MP: 9/9
  7544 | D:8      | Noticed Prince Ribbit
  7552 | D:8      | Killed Prince Ribbit
  7587 | D:8      | Noticed Maurice
  7612 | D:8      | Killed Maurice
  7612 | D:8      | Reached skill level 14 in Axes
  7901 | D:9      | Paralysed by a hornet for 1 turns
  8608 | D:9      | Received a gift from Trog
  8722 | D:9      | Reached skill level 15 in Axes
  9272 | Lair:1   | Entered Level 1 of the Lair of Beasts
  9320 | Lair:1   | Noticed a spiny frog
  9328 | Lair:1   | Killed a spiny frog
 10006 | Lair:1   | Noticed Fannar
 10024 | Lair:1   | Killed Fannar
 10024 | Lair:1   | Reached XP level 11. HP: 104/104 MP: 10/10
 10102 | Lair:1   | Noticed Urug
 10131 | Lair:1   | Killed Urug
 10463 | Lair:1   | Reached skill level 16 in Axes
 10946 | Lair:2   | Found a staircase to the Snake Pit.
 11144 | Lair:2   | Found a dark tunnel.
 11202 | Volcano  | Entered a volcano
 11627 | Volcano  | Found a radiant altar of Vehumet.
 11627 | Volcano  | Noticed a red ugly thing
 11627 | Volcano  | Noticed a sun demon
 11638 | Volcano  | HP: 3/107 [sun demon (5)]
 11668 | Volcano  | HP: 1/107 [something (10)]
 11669 | Volcano  | Engulfed by a cloud of flame

Vault maps used:
D:1:      grunt_arrival_lava_bath, minivault_24
D:3:      biasface_ghost_orc_armoury
D:4:      minmay_door_path, nicolae_dithmenos_through_a_glass_darkly,
          uniq_blork_the_orc
D:5:      bloody_makhleb, nicolae_ossuary_entry_monument, basic_altar,
          first_ration, cheibrodos_ashenzari_chains
D:6:      minmay_temple_entry_junction, kennysheep_decorative_pillar,
          lemuel_flamethrower_1
D:7:      uniq_harold, uniq_duvessa, uniq_crazy_yiuf_cottage
D:8:      due_lair_maze_entry_diamond, uniq_pikel, uniq_prince_ribbit1,
          uniq_maurice
Lair:1:   minmay_hedge_maze, beast_lair_carwin_11, serial_bayou_shore_b,
          serial_bayou_shore_a, uniq_fannar, uniq_urug
Lair:2:   guppyfry_snake_entry_island, nicolae_volcano_entry_two_sided,
          infiniplex_staircase_pool_2
Ossuary:  ossuary_tomb_2
Volcano:  volcano_lake

Skill      XL: |  1  2  3  4  5  6  7  8  9 10 11 |
---------------+----------------------------------+-----
Fighting       | 4 5 6 7 8 10 12 13 | 13.4
Axes           | 4 6 7 9 11 13 15 16 | 16.4
Stealth        | 1 2 |  2.0
Armour         | |  2.4
Dodging        | |  2.1

Action                   |  1- 3 |  4- 6 |  7- 9 | 10-12 || total
-------------------------+-------+-------+-------+-------++-------
Melee: Hand axe          |    89 |   102 |   330 |   204 ||   725
       Headbutt          |    16 |    22 |    62 |    70 ||   170
       Whip              |       |     3 |       |       ||     3
       War axe           |       |       |       |   100 ||   100
Invok: Berserk           |       |     1 |     3 |     2 ||     6
       Trog's Hand       |       |       |       |     1 ||     1
  Use: Scroll            |       |     8 |     4 |     2 ||    14
       Potion            |       |     1 |       |       ||     1
 Stab: Sleeping          |       |       |     1 |     1 ||     2
  Eat: Chunk             |     3 |     4 |     4 |     9 ||    20
       Ration            |       |     1 |     3 |     2 ||     6
Armor: Animal skin       |     8 |       |       |       ||     8
       Ring mail         |    16 |    38 |    93 |    33 ||   180
       Scale mail        |       |       |       |    25 ||    25
Dodge: Dodged            |    59 |    62 |   116 |   115 ||   352

Table legend:
 A = Non-vault XP
 B = Vault XP
 C = Vault XP percentage of total XP
 D = Non-vault monster count
 E = Vault monster count
 F = Vault count percentage of total count
                 A         B        C        D         E       F
            +---------+---------+-------+---------+---------+-------
      Total |    9316 |    7484 |  44.5 |     191 |      65 |  25.4
            +---------+---------+-------+---------+---------+-------
        D:1 |      28 |       0 |   0.0 |      16 |       0 |   0.0
        D:2 |      50 |       0 |   0.0 |      18 |       0 |   0.0
        D:3 |      90 |       0 |   0.0 |      17 |       0 |   0.0
        D:4 |     186 |      98 |  34.5 |      18 |       2 |  10.0
        D:5 |     502 |       0 |   0.0 |      10 |       0 |   0.0
        D:6 |     358 |       0 |   0.0 |      19 |       0 |   0.0
        D:7 |     748 |    1233 |  62.2 |      30 |       4 |  11.8
        D:8 |     528 |    2311 |  81.4 |      13 |      10 |  43.5
        D:9 |    2696 |       0 |   0.0 |      28 |       0 |   0.0
     Lair:1 |    2936 |    2096 |  41.7 |      18 |       4 |  18.2
     Lair:2 |    1194 |     317 |  21.0 |       4 |       2 |  33.3
    Ossuary |       0 |     560 | 100.0 |       0 |      33 | 100.0
    Volcano |       0 |     869 | 100.0 |       0 |      10 | 100.0
            +---------+---------+-------+---------+---------+-------
